 Dungeon Crawl Stone Soup version 0.17.0-28-g6e173f8 (webtiles) character file.

648 Requim the Cutter (level 7, 0/44 HPs)
             Began as a Kobold Fighter on Nov 29, 2015.
             Succumbed to a wasp's poison
             ... on level 5 of the Dungeon on Nov 30, 2015.
             The game lasted 00:32:11 (3644 turns).

Requim the Cutter (Kobold Fighter)                  Turns: 3644, Time: 00:32:11

Health: 0/44       AC: 13    Str: 16    XL:     7   Next: 83%
Magic:  7/7        EV:  3    Int:  6    God:
Gold:   299        SH: 11    Dex: 16    Spells: 0 memorised, 6 levels left

rFire  + . .     SeeInvis .     k - +2 rapier (elec)
rCold  . . .     Clarity  .     d - +3 plate armour
rNeg   . . .     SustAt   .     c - +2 shield
rPois  .         Gourm    .     (no helmet)
rElec  .         Spirit   .     (no cloak)
rCorr  .         Warding  .     (no gloves)
rMut   .         Stasis   .     (no boots)
MR     .....                    g - amulet of faith (curse)
Stlth  ..........               (no ring)
                                e - ring of protection from fire

@: lethally poisoned (0 -> -7), heavily drained, not resistant to hostile
enchantments, extremely unstealthy
A: carnivore 3
a: no special abilities


You were on level 5 of the Dungeon.
You were full.

You visited 1 branch of the dungeon, and saw 5 of its levels.

You collected 299 gold pieces.

Inventory:

Hand Weapons
 a - a +0 rapier
 k - a +2 rapier of electrocution (weapon)
Armour
 c - a +2 shield (worn)
 d - a +3 plate armour (worn)
Jewellery
 e - a ring of protection from fire (left hand)
 g - a cursed amulet of faith (around neck)
Scrolls
 b - 2 scrolls of remove curse
 j - 2 scrolls of teleportation
Comestibles
 f - a meat ration


   Skills:
 + Level 4.7(2.5) Fighting
 + Level 5.5(3.3) Short Blades
 + Level 3.9(1.7) Armour
 + Level 2.0(0.0) Dodging
 + Level 1.1(0.0) Stealth
 + Level 4.4(2.3) Shields


You had 6 spell levels left.
You didn't know any spells.

Dungeon Overview and Level Annotations

Branches:
Dungeon (5/15)
 Temple: D:4-7

Altars:
Qazlal
Ru
Trog
Yredelemnul


Innate Abilities, Weirdness & Mutations

You are small and have problems with some larger weapons.
You are carnivorous and can eat meat at any time.


Message History

You suddenly lose the ability to move!
The wasp completely misses you. The wasp stings you but does no damage.
* * * LOW HITPOINT WARNING * * *
You feel sick. The wasp barely misses you.
* * * LOW HITPOINT WARNING * * *
You feel sick. The wasp stings you but does no damage.
The wasp stings you but does no damage.
You can move again.
You hit the wasp but do no damage.
The wasp is almost dead.
* * * LOW HITPOINT WARNING * * *
You feel sick. The wasp stings you but does no damage.
The wasp barely misses you.
Your shield and plate armour prevent you from hitting the wasp.
The wasp is almost dead.
* * * LOW HITPOINT WARNING * * *
You feel sick. You block the wasp's attack. The wasp barely misses you.
You hit the wasp.
The wasp is almost dead.
You die...

#..# #...# #....#
##.....# ##......#
## ##.......# ##..
##..y.....#
.....###.[.@.....#
....)......#######
#######...## #
#### #.###
#.###..####.#
#...........#
####....#####
##....######
###..........#


You could see a wasp.

Vanquished Creatures
  Edmund (D:4)
  An ogre (D:5)
  3 crimson imps (D:5)
  A jelly (D:5)
  A hound (D:4)
  An orc wizard (D:3)
  An iguana (D:5)
  A worker ant (D:4)
  2 worker ant zombies (D:2)
  6 adders
  An ooze (D:5)
  3 worms
  2 adder zombies (D:2)
  3 adder skeletons
  6 giant geckos
  5 orcs
  5 bats
  2 bat skeletons (D:2)
  2 bat zombies (D:2)
  5 giant cockroaches
  13 goblins
  8 hobgoblins
  3 jackals (D:3)
  2 quokkas
  3 ball pythons
  A ball python skeleton (D:2)
  A giant cockroach zombie (D:2)
  A giant gecko skeleton (D:4)
  4 giant newts
  A jackal skeleton (D:4)
  11 kobolds
  A quokka zombie (D:5)
  17 rats
118 creatures vanquished.

Vanquished Creatures (others)
  A giant newt (D:5)
1 creature vanquished.

Grand Total: 119 creatures vanquished

Notes
Turn   | Place    | Note
--------------------------------------------------------------
     0 | D:1      | Requim the Kobold Fighter began the quest for the Orb.
     0 | D:1      | Reached XP level 1. HP: 14/14 MP: 1/1
   162 | D:1      | Reached XP level 2. HP: 14/19 MP: 2/2
   496 | D:1      | Reached XP level 3. HP: 21/23 MP: 3/3
   957 | D:2      | Reached skill level 1 in Dodging
   967 | D:2      | Reached XP level 4. HP: 15/28 MP: 4/4
  1221 | D:2      | Reached XP level 5. HP: 21/33 MP: 5/5
  1243 | D:2      | Reached skill level 4 in Short Blades
  2519 | D:4      | Noticed a moth of wrath
  2523 | D:4      | Found a bloodstained altar of Trog.
  2590 | D:4      | Found a stormy altar of Qazlal.
  2749 | D:4      | Reached XP level 6. HP: 38/38 MP: 6/6
  2861 | D:4      | Reached skill level 1 in Stealth
  3014 | D:4      | Noticed Edmund
  3041 | D:4      | Killed Edmund
  3041 | D:4      | Reached XP level 7. HP: 41/44 MP: 7/7
  3192 | D:5      | Entered Level 5 of the Dungeon
  3312 | D:5      | Reached skill level 5 in Short Blades
  3350 | D:5      | Found a sacrificial altar of Ru.
  3560 | D:5      | Found a basalt altar of Yredelemnul.
  3628 | D:5      | Paralysed by a wasp for 3 turns
  3639 | D:5      | Paralysed by a wasp for 3 turns
  3641 | D:5      | HP: 2/44 [poisoned by a wasp]
  3644 | D:5      | Succumbed to a wasp's poison

Action                   |  1- 3 |  4- 6 |  7- 9 || total
-------------------------+-------+-------+-------++-------
Melee: Rapier            |   132 |   301 |    93 ||   526
  Use: Scroll            |     5 |    17 |       ||    22
       Potion            |       |     4 |     1 ||     5
  Eat: Chunk             |     5 |     3 |       ||     8
       Pizza             |       |     1 |     1 ||     2
       Meat ration       |       |     1 |       ||     1
